 Dungeon Crawl Stone Soup version 0.18.1-8-gdd0e5ea (webtiles) character file.

14 epen the Insei (level 2, -1/21 HPs)
             Began as a Demonspawn Transmuter on May 21, 2016.
             Slain by a hobgoblin (3 damage)
             ... on level 1 of the Dungeon.
             The game lasted 00:01:14 (621 turns).

epen the Insei (Demonspawn Transmuter)               Turns: 621, Time: 00:01:14

Health: -1/21      AC:  2    Str: 10    XL:     2   Next: 27%
Magic:  1/5        EV: 12    Int: 14    God:
Gold:   0          SH:  0    Dex: 13    Spells: 2 memorised, 2 levels left

rFire  . . .     SeeInvis .       - Unarmed
rCold  . . .     Gourm    .     b - +0 robe
rNeg   . . .     Faith    .     (no shield)
rPois  .         Spirit   .     (no helmet)
rElec  .         Dismiss  .     (no cloak)
rCorr  .         Reflect  .     (no gloves)
SustAt .         Harm     .     (no boots)
MR     .....                    (no amulet)
Stlth  +.........               (no ring)
                                (no ring)

@: not resistant to hostile enchantments, very unstealthy
A: hooves 1
a: no special abilities


You were on level 1 of the Dungeon.
You were not hungry.

You visited 1 branch of the dungeon, and saw 1 of its levels.

Inventory:

Missiles
 a - 9 arrows
Armour
 b - a +0 robe (worn)
Potions
 e - 3 potions of flight {unknown}
Books
 c - a book of Changes

   Spells                             Type                      Level
   a - Beastly Appendage              Transmutation                1
   b - Sticks to Snakes               Transmutation                2
   c - Spider Form                    Transmutation/Poison         3
   d - Ice Form                       Ice/Transmutation            4
   e - Blade Hands                    Transmutation                5
Comestibles
 d - a bread ration


   Skills:
 + Level 1.3 Fighting
 + Level 1.9 Dodging
 * Level 2.8 Unarmed Combat
 + Level 2.1 Spellcasting
 * Level 2.1 Transmutations


You had 2 spell levels left.
You knew the following spells:

 Your Spells              Type           Power        Failure   Level  Hunger
a - Beastly Appendage     Trmt           #.....       12%         1    #......
b - Sticks to Snakes      Trmt           #.......     17%         2    ###....


Dungeon Overview and Level Annotations

Branches:
Dungeon (1/15)

Altars:


Innate Abilities, Weirdness & Mutations

You have large cloven feet.


Message History

Casting: Beastly Appendage
Confirm with . or Enter, or press ? or * to list all spells.
You create a snake!
You now have 10 arrows.
The kobold hits you with a dagger of flaming.
The kobold burns you. The hobgoblin hits you. The bat barely misses you.
Casting: Sticks to Snakes
Confirm with . or Enter, or press ? or * to list all spells.
You create a snake!
You now have 9 arrows.
The bat closely misses you. x2
The kobold hits you with a dagger of flaming.
The kobold burns you. The hobgoblin closely misses you.
Your adder misses the bat. You closely miss the kobold.
The bat hits you but does no damage.
Your adder bites the bat.
The bat dies!
The kobold hits you with a dagger of flaming.
* * * LOW HITPOINT WARNING * * *
The kobold burns you.
* * * LOW HITPOINT WARNING * * *
The hobgoblin hits you.
You die...

#.#####.####.#################.#
#>..................# #.#
############'######.. #.#
#........# #.# #.....##.#
#####+# #.....##.# # #......
#......#S##..# #......
#.###(.K.....# #...... ...
#(@g.....# #####'#
................ #.#
.....##.S....... #.# ....
.......... ######'# ###
##....!.... #....... #########.
#....... #.##....... #..#...#...
####.#.......


You could see a hobgoblin, a kobold, a friendly adder and a friendly ball
python.

Vanquished Creatures
  A giant gecko (D:1)
  A giant cockroach (D:1)
  A goblin (D:1)
  3 hobgoblins (D:1)
  A kobold (D:1)
  A bat (D:1)
  A giant newt (D:1)
  2 rats (D:1)
11 creatures vanquished.

Vanquished Creatures (collateral kills)
  A bat (D:1)
1 creature vanquished.

Grand Total: 12 creatures vanquished

Notes
Turn   | Place    | Note
--------------------------------------------------------------
     0 | D:1      | epen the Demonspawn Transmuter began the quest for the Orb.
     0 | D:1      | Reached XP level 1. HP: 15/15 MP: 3/3
   367 | D:1      | Gained mutation: You have large cloven feet. [demonic ancestry]
   367 | D:1      | Reached XP level 2. HP: 21/21 MP: 5/5
   371 | D:1      | Learned a level 2 spell: Sticks to Snakes
   621 | D:1      | Slain by a hobgoblin

Skill      XL: |  1 |
---------------+----+-----
Transmutations | 2 |  2.1
Fighting       | |  1.3
Dodging        | |  1.9
Unarmed Combat | |  2.8
Spellcasting   | |  2.1

Action                   || total
-------------------------++-------
Melee: Unarmed           ||    39
       Kick              ||     4
 Cast: Beastly Appendage ||     2
       Sticks to Snakes  ||     3
Armor: Robe              ||     8
Dodge: Dodged            ||    32
